 Dungeon Crawl Stone Soup version bcrawl-1.19.2-6-g6a88ae04c9 (webtiles) character file.

Game seed: 14815614438985225541

1763 Mrkan the Cleaver (level 8, 0/71 HPs)
             Began as a Minotaur Fighter on Dec 28, 2019.
             Was an Initiate of Gozag.
             Succumbed to a killer bee's poison
             ... on level 6 of the Dungeon.
             The game lasted 00:07:00 (5436 turns).

Mrkan the Cleaver (Minotaur Fighter)                Turns: 5436, Time: 00:07:00

Health: 0/71       AC: 14    Str: 20    XL:     8   Next: 79%
Magic:  7/7        EV:  4    Int:  5    God:    Gozag
Gold:   377        SH: 15    Dex: 13    Spells: 7/7 levels left

rFire    . . .     SeeInvis .   a - +0 war axe
rCold    . . .     Gourm    .   o - +0 large shield
rNeg     . . .     Faith    .   j - +0 plate armour
rPois    .         Spirit   .   (helmet restricted)
rElec    .         Reflect  .   n - +0 cloak
rCorr    .         Harm     .   (no gloves)
MR       .....                  (no boots)
Stlth    ..........             (no amulet)
HPRegen  0.21/turn              (no ring)
MPRegen  0.10/turn              (no ring)

@: lethally poisoned (0 -> -8), starving
A: retaliatory headbutt, horns 2
a: Potion Petition, Call Merchant, Bribe Branch, Renounce Religion


You were on level 6 of the Dungeon.
You worshipped Gozag.
Gozag was aware of your devotion.
You were starving.

You visited 1 branch of the dungeon, and saw 6 of its levels.
You also visited: Sewer.

You collected 468 gold pieces.
You paid 91 gold pieces to Gozag.

Inventory:

Hand Weapons
 a - a +0 war axe (weapon)
 y - the cursed +3 hunting sling of Ygehas {venom, rPois Str-3 Dex-5 SInv, unknown}
   (You found it on level 5 of the Dungeon)

   It poisons the ammo it fires.
   It affects your strength (-3).
   It affects your dexterity (-5).
   It protects you from poison.
   It lets you see invisible.
   It has a curse placed upon it.
Armour
 j - a +0 plate armour (worn)
 n - a +0 cloak (worn)
 o - a +0 large shield (worn)
Jewellery
 g - an uncursed ring of ice {unknown}
 i - an uncursed amulet of the acrobat {unknown}
 v - an uncursed ring of stealth {unknown}
 B - an uncursed ring of protection from magic
 F - a cursed ring of attention {unknown}
Wands
 c - a wand of polymorph (3)
 E - a wand of disintegration (9)
Scrolls
 b - 3 scrolls of fear {unknown}
 e - 9 scrolls of identify {unknown}
 h - 4 scrolls of teleportation {unknown}
 l - 5 scrolls of remove curse {unknown}
 m - 2 scrolls of magic mapping {unknown}
 r - 2 scrolls of fog {unknown}
 t - a scroll of blinking {unknown}
 u - a scroll of immolation {unknown}
 C - a scroll of noise {unknown}
 G - a scroll of summoning {unknown}
Potions
 d - 2 potions of might
 p - a potion of mutation {unknown}
 q - 2 potions of curing
 s - 2 potions of haste
 w - a potion of berserk rage {unknown}
 x - a potion of degeneration {unknown}
 z - 2 potions of invisibility {unknown}
 A - a potion of brilliance {unknown}
 D - a potion of ambrosia {unknown}
Comestibles
 f - 12 rations {!d}


   Skills:
 + Level 6.5 Fighting
 * Level 8.3 Axes
 + Level 6.5 Armour
 + Level 4.8 Dodging
 + Level 6.6 Shields


You had 7 spell levels left.
You didn't know any spells.
Your spell library contained the following spells:

 Spells                   Type           Power        Failure   Level  Hunger
 Sting                    Conj/Pois      #...         100%        1    ##.....
 Poisonous Vapours        Pois/Air       #.....       100%        2    ###....
 Ignite Poison            Fire/Tmut/Pois #.......     100%        3    ####...
 Olgreb's Toxic Radiance  Pois           #.......     100%        4    #####..
 Summon Scorpions         Summ/Pois      #.......     100%        4    #####..
 Venom Bolt               Conj/Pois      #.........   100%        5    ######.


Dungeon Overview and Level Annotations

Branches:
Dungeon (6/12)
 Temple: D:4-7

Altars:
Gozag
Vehumet

Shops:
D:4 (


Innate Abilities, Weirdness & Mutations

You reflexively headbutt those who attack you in melee.
You have a pair of horns on your head.


Message History

You miss the killer bee.
The killer bee is lightly wounded.
Your shield and plate armour prevent you from hitting the killer bee.
* * * LOW HITPOINT WARNING * * *
You feel sick. You block the killer bee's attack. The killer bee stings you.
* * * LOW HITPOINT WARNING * * *
You block the killer bee's attack. x2
The killer bee stings you but does no damage.
The killer bee barely misses you.
You completely miss the killer bee.
The killer bee is lightly wounded.
Your shield and plate armour prevent you from hitting the killer bee.
* * * LOW HITPOINT WARNING * * *
You feel sick. You block the killer bee's attack. x2
The killer bee stings you but does no damage. x2
You hit the killer bee. Your headbutt misses the killer bee.
The killer bee is moderately wounded.
You miss the killer bee.
You die...
Your body crumbles into a pile of gold.

################.........
.........................
################.........
### #.#########
#.#############.........#
#............(..........#
#.#############.........#
#.# ##########.........#
##.####........y@#########
........########y#
....##### #.# .....## #.#
......# #$# ......# #.#
.....># #.# .....## #.#
.....## #.#


You could see 2 killer bees.

Vanquished Creatures
  Prince Ribbit (D:5)
  Eustachio (D:6)
  3 sky beasts
  A centaur (D:5)
  An ogre (D:6)
  2 scorpions
  3 killer bees (D:6)
  A howler monkey (D:5)
  A crimson imp (D:4)
  A bullfrog zombie (D:4)
  A jelly (D:4)
  3 orc priests
  A hound (D:5)
  Ijyb (D:3)
  3 iguanas
  5 orc wizards
  A worker ant (D:4)
  A howler monkey skeleton (D:4)
  5 adders
  3 river rats (Sewer)
  2 oozes
  7 worms
  A dart slug (D:1)
  6 leopard geckos
  17 orcs
  3 bats (D:1)
  4 giant cockroaches
  9 goblins
  9 hobgoblins
  7 jackals
  3 quokkas
  3 ball pythons
  8 frilled lizards
  10 kobolds
  A quokka zombie (D:4)
  18 rats
147 creatures vanquished.

Notes
Turn   | Place    | Note
-------+----------+-------------------------------------------
     0 | D:1      | Mrkan the Minotaur Fighter began the quest for the Orb.
     0 | D:1      | Reached XP level 1. HP: 19/19 MP: 0/0
   139 | D:1      | Reached XP level 2. HP: 27/27 MP: 1/1
   359 | D:1      | Reached skill level 3 in Axes
   370 | D:1      | Reached XP level 3. HP: 31/33 MP: 2/2
   596 | D:2      | Reached skill level 1 in Dodging
  1318 | D:3      | Noticed Ijyb
  1381 | D:3      | Killed Ijyb
  1381 | D:3      | Reached XP level 4. HP: 16/40 MP: 3/3
  1663 | D:3      | Found a glowing drain.
  1668 | Sewer    | Entered a sewer
  1701 | Sewer    | Reached skill level 4 in Axes
  1757 | Sewer    | Reached XP level 5. HP: 44/46 MP: 4/4
  2086 | D:3      | Found a radiant altar of Vehumet.
  2637 | D:4      | Reached XP level 6. HP: 24/53 MP: 5/5
  2641 | D:4      | Reached skill level 5 in Axes
  2650 | D:4      | HP: 1/53 [something/puff of flame (6)]
  3016 | D:4      | Reached skill level 5 in Shields
  3138 | D:4      | Reached skill level 5 in Armour
  3283 | D:4      | Noticed a sky beast
  3289 | D:4      | Killed a sky beast
  3289 | D:4      | Reached skill level 5 in Fighting
  3289 | D:4      | Reached XP level 7. HP: 61/61 MP: 6/6
  3472 | D:4      | Reached skill level 6 in Axes
  3494 | D:4      | Found Toteddut's Weapon Shoppe.
  3866 | D:4      | Found an opulent altar of Gozag.
  3926 | D:4      | Became a worshipper of Gozag Ym Sagoz the Greedy
  4003 | D:5      | Entered Level 5 of the Dungeon
  4116 | D:5      | Got a brightly glowing hunting sling
  4118 | D:5      | Noticed Prince Ribbit
  4473 | D:5      | Killed Prince Ribbit
  4473 | D:5      | Reached skill level 7 in Axes
  4473 | D:5      | Reached XP level 8. HP: 20/70 MP: 7/7
  5320 | D:6      | Noticed Eustachio
  5408 | D:6      | Reached skill level 8 in Axes
  5429 | D:6      | Killed Eustachio
  5434 | D:6      | HP: 2/71 [killer bee (6)]
  5436 | D:6      | Succumbed to a killer bee's poison

Skill      XL: |  1  2  3  4  5  6  7  8 |
---------------+-------------------------+-----
Axes           | 3 4 5 7 8 |  8.3
Shields        | 4 5 6 |  6.6
Armour         | 4 5 6 |  6.5
Dodging        | 1 2 3 4 |  4.8
Fighting       | 4 5 6 |  6.5

Action                   |  1- 3 |  4- 6 |  7- 9 || total
-------------------------+-------+-------+-------++-------
Melee: War axe           |   109 |   191 |   222 ||   522
       Headbutt          |    12 |    31 |    35 ||    78
       Unarmed           |     9 |       |       ||     9
  Use: Potion            |     1 |     1 |     3 ||     5
 Stab: Confused          |     1 |       |       ||     1
       Distracted        |       |     1 |       ||     1
  Eat: Chunk             |     1 |     7 |     2 ||    10
       Ration            |       |       |     1 ||     1
Armor: Scale mail        |    23 |       |       ||    23
       Plate armour      |    39 |   108 |   120 ||   267
       Skin              |     6 |       |       ||     6
Dodge: Dodged            |    46 |    14 |    32 ||    92
Block: Shield            |    54 |       |       ||    54
       Large shield      |       |   149 |   201 ||   350
